 Dungeon Crawl Stone Soup version 0.29.1-12-g30fa7ad0bf (webtiles) character file.

Game seed: 16353349452083905021

361 EarthwalkerPL the Shield-Bearer (level 6, -3/56 HPs)
             Began as a Minotaur Fighter on Dec 21, 2022.
             Slain by a gnoll
             ... wielding a +0 flail
             ... led by a gnoll bouda
              (5 damage)
             ... on level 4 of the Dungeon.
             The game lasted 00:04:26 (3076 turns).

EarthwalkerPL the Shield-Bearer (Minotaur Fighter)  Turns: 3076, Time: 00:04:26

Health: -3/56      AC:  7    Str: 22    XL:     6   Next: 38%
Magic:  5/5        EV: 10    Int:  5    God:
Gold:   148        SH:  5    Dex: 10    Spells: 5/5 levels left

rFire   + . .      SeeInvis .   a - +0 war axe
rCold   x . .      Faith    .   c - +0 buckler
rNeg    . . .      Spirit   .   b - +0 scale mail
rPois   .          Reflect  .   (helmet restricted)
rElec   .          Harm     .   (no cloak)
rCorr   .          Rampage  .   (no gloves)
Will    .....                   (no boots)
Stlth   ..........              q - amulet of magic regeneration
HPRegen 0.18/turn               w - ring of fire
MPRegen 0.49/turn               (no ring)

@: no status effects
A: horns 2, retaliatory headbutt
a: no special abilities


You were on level 4 of the Dungeon.
You visited 1 branch of the dungeon, and saw 4 of its levels.

You collected 148 gold pieces.

Inventory:

Hand Weapons
 a - a +0 war axe (weapon)
Missiles
 r - 2 poisoned darts (quivered)
Armour
 b - a +0 scale mail (worn)
 c - a +0 buckler (worn)
 e - a +0 plate armour
Jewellery
 q - an amulet of magic regeneration (around neck)
 w - a ring of fire (left hand)
Scrolls
 f - 2 scrolls of magic mapping {unknown}
 g - 5 scrolls of identify {unknown}
 j - a scroll of immolation {unknown}
 n - 2 scrolls of enchant weapon {unknown}
 p - a scroll of noise {unknown}
 v - a scroll of enchant armour {unknown}
 x - a scroll of teleportation {unknown}
Potions
 d - a potion of might
 h - 2 potions of heal wounds {unknown}
 i - 3 potions of degeneration {unknown}
 k - 3 potions of attraction {unknown}
 l - 2 potions of curing {unknown}
 m - a potion of flight {unknown}
 o - a potion of berserk rage {unknown}
 s - a potion of resistance {unknown}
 t - a potion of brilliance {unknown}
 u - 2 potions of lignification {unknown}


   Skills:
 * Level 5.1 Fighting
 * Level 4.3 Axes
 * Level 5.2 Armour
 + Level 1.9 Dodging
 * Level 5.2 Shields


You had 5 spell levels left.
You didn't know any spells.
Your spell library contained the following spells:

 Spells                   Type           Power      Damage    Failure   Level
 Ozocubu's Armour         Ice            0%         N/A       99%         3
 Ozocubu's Refrigeration  Ice            0%         4d7       100%        7


Dungeon Overview and Level Annotations

Branches:
Dungeon (4/15)
 Temple: D:4-7

Altars:
Hepliaklqana
Makhleb
Nemelex Xobeh
Qazlal
Ru

Shops:
D:2 (   D:3 *   D:4 [[


Innate Abilities, Weirdness & Mutations

You have a pair of horns on your head.
You reflexively headbutt those who attack you in melee.


Message History

The gnoll bouda barely misses you. You furiously retaliate!
You headbutt the gnoll bouda!
You kill the gnoll bouda!
A gnoll comes into view. It is wielding a +0 halberd.
The gnoll closely misses you.
Your life force feels restored.
You barely miss the gnoll.
The gnoll is lightly wounded.
You hit the gnoll but do no damage. The gnoll hits you with a +0 whip.
The gnoll hits you from afar with a +0 halberd.
You hit the gnoll.
The gnoll is heavily wounded.
You slash the gnoll!
You kill the gnoll!
The gnoll is no longer moving quickly.
The gnoll completely misses you. The gnoll hits you but does no damage.
The gnoll barely misses you. x2
You furiously retaliate!
You headbutt the gnoll!
You kill the gnoll!
The gnoll hits you with a +0 flail! The gnoll barely misses you.
You see here a +0 whip.
You closely miss the gnoll. You headbutt the gnoll!
The gnoll is heavily wounded.
The gnoll is no longer moving quickly.
You block the gnoll's attack.
The gnoll hits you from afar with a +0 halberd.
* * * LOW HITPOINT WARNING * * *
Things that are here:
a +0 whip; a +0 robe You barely miss the gnoll.
The gnoll is heavily wounded.
The gnoll hits you with a +0 flail!
* * * LOW HITPOINT WARNING * * *
The gnoll barely misses you. You block the gnoll's attack.
You block the gnoll's attack. The gnoll hits you but does no damage.
You see here a +0 whip.
You hit the gnoll.
The gnoll is lightly wounded.
You barely miss the gnoll. The gnoll hits you with a +0 halberd.
* * * LOW HITPOINT WARNING * * *
The gnoll hits you with a +0 flail.
You die...

.........##
.......#..##
#########..###
##...###
###...## ###
###..# ..#
##.## ..#
#)g###
..#######
##@g.#
........#
###...#
........#
.....#
........+
....#
........#
....#
....)...# ...#
........# ..##
.....####
.....#


You could see 2 gnolls.

Vanquished Creatures
  A scorpion (D:4)
  A gnoll bouda (D:4)
  2 orc priests
  2 orc wizards (D:4)
  Terence (D:2)
  2 gnolls (D:4)
  4 adders
  An ufetubus (D:4)
  9 orcs
  4 ball pythons
  7 endoplasms
  A giant cockroach (D:3)
  6 hobgoblins
  4 jackals (D:3)
  5 quokkas
  3 bats
  8 frilled lizards
  4 goblins
  10 kobolds
  5 rats
80 creatures vanquished.

Vanquished Creatures (others)
  4 plants (D:3)
4 creatures vanquished.

Grand Total: 84 creatures vanquished

Notes
Turn   | Place    | Note
-------+----------+-------------------------------------------
     0 | D:1      | EarthwalkerPL the Minotaur Fighter began the quest for the
                  | Orb.
     0 | D:1      | Reached XP level 1. HP: 19/19 MP: 0/0
   249 | D:1      | Reached XP level 2. HP: 18/27 MP: 1/1
   472 | D:1      | Found a faded altar of an unknown god.
  1017 | D:2      | Reached XP level 3. HP: 31/33 MP: 2/2
  1185 | D:2      | Found Ganaz's Weapon Shoppe.
  1555 | D:2      | Noticed Terence
  1562 | D:2      | Killed Terence
  1563 | D:2      | Reached skill level 1 in Dodging
  1826 | D:3      | Reached XP level 4. HP: 27/40 MP: 3/3
  2079 | D:3      | Found a hazy altar of Hepliaklqana.
  2205 | D:3      | Reached XP level 5. HP: 43/47 MP: 4/4
  2368 | D:3      | Found a sacrificial altar of Ru.
  2443 | D:3      | Found Guun's Assorted Antiques.
  2697 | D:4      | Found a sparkling altar of Nemelex Xobeh.
  2721 | D:4      | Found Soigen's Antique Armour Emporium.
  2732 | D:4      | Found a stormy altar of Qazlal.
  2750 | D:4      | Found a burning altar of Makhleb.
  2760 | D:4      | Reached skill level 5 in Armour
  2760 | D:4      | Reached skill level 5 in Shields
  2948 | D:4      | Reached skill level 5 in Fighting
  2948 | D:4      | Reached XP level 6. HP: 56/56 MP: 5/5
  2971 | D:4      | Found Lacin's Armour Boutique.
  3076 | D:4      | HP: 2/56 [gnoll/+0 halberd[a gnoll bouda] (3)]
  3076 | D:4      | Slain by a gnoll

Illustrated notes

Levels and vault maps discovered:
D:1:      spicycebolla_arrival_transporter_tutorial, layout_basic,
          shapermc_ecumenical_altar_notcrosses
D:2:      layout_basic, serial_shops, nicolae_shop_hallway_stairs,
          kennysheep_generic_room_13, uniq_terence
D:3:      layout_loops_cross, nicolae_hepliaklqana_hazy_memory,
          lemuel_doored_altar, serial_shops, shop
D:4:      layout_basic, mainiacjoe_overflow_alcove_1,
          nemelex_diamond_rough_becter, mainiacjoe_overflow_large_starburst,
          serial_shops, nicolae_shop_advertising_works
          [nicolae_subvault_shop_adworks], nicolae_square_shop, shop,
          kennysheep_mini, nicolae_shop_hallway_plus

Skill      XL: |  1  2  3  4  5 |
---------------+----------------+-----
Armour         | 4 5 |  5.2
Fighting       | 4 5 |  5.1
Shields        | 4 5 |  5.2
Axes           | 3 4 |  4.3
Dodging        | 1 |  1.9

Action                   |  1- 3 |  4- 6 || total
-------------------------+-------+-------++-------
Melee: War axe           |    79 |    90 ||   169
       Headbutt          |    15 |    11 ||    26
Armor: Scale mail        |    34 |    42 ||    76
Dodge: Dodged            |    38 |    45 ||    83
Block: Buckler           |    21 |    19 ||    40
